 Dungeon Crawl Stone Soup version 0.26.1-11-gd32895ea62 (webtiles) character file.

Game seed: 9963655419658554512

30 vvl the Grave Robber (level 3, -6/28 HPs)
             Began as a Deep Dwarf Necromancer on June 7, 2021.
             Mangled by a worm (7 damage)
             ... on level 2 of the Dungeon.
             The game lasted 00:06:48 (1306 turns).

vvl the Grave Robber (Deep Dwarf Necromancer)       Turns: 1306, Time: 00:06:49

Health: -6/28      AC:  2    Str: 11    XL:     3   Next: 3%
Magic:  3/3        EV: 12    Int: 16    God:
Gold:   22         SH:  0    Dex: 13    Spells: 4/5 levels left

rFire    . . .     SeeInvis .   (no weapon)
rCold    . . .     Faith    .   (no shield)
rNeg     . . .     Spirit   .   a - +0 robe
rPois    .         Reflect  .   (no helmet)
rElec    .         Harm     .   b - scarf {+Inv}
rCorr    .         Rampage  .   (no gloves)
Will     .....                  (no boots)
Stlth    ++........             (no amulet)
HPRegen  0.00/turn              (no ring)
MPRegen  0.08/turn              (no ring)

@: non-regenerating
A: damage resistance, heal wounds, sense surroundings 1, no regeneration
a: Heal Wounds, Evoke Invisibility


You were on level 2 of the Dungeon.
You visited 1 branch of the dungeon, and saw 3 of its levels.

You collected 22 gold pieces.

Inventory:

Armour
 a - a +0 robe (worn)
 b - a scarf of invisibility (worn)
Scrolls
 c - a scroll of random uselessness {unknown}
 d - a scroll of enchant armour {unknown}
 f - 2 scrolls of remove curse {unknown}
 i - a scroll of teleportation {unknown}
Potions
 e - a potion of degeneration {unknown}
 g - a potion of cancellation {unknown}
 h - 2 potions of heal wounds {unknown}


   Skills:
 - Level 2.1 Dodging
 - Level 2.4 Stealth
 + Level 1.9 Spellcasting
 * Level 5.4 Necromancy


You had 4 spell levels left.
You knew the following spells:

 Your Spells              Type           Power        Failure   Level
a - Pain                  Necr           72%          2%          1

Your spell library contained the following spells:

 Spells                   Type           Power        Failure   Level
 Animate Skeleton         Necr           36%          2%          1
 Vampiric Draining        Necr           9%           7%          3
 Animate Dead             Necr           9%           22%         4
 Agony                    Necr           18%          54%         5


Dungeon Overview and Level Annotations

Branches:
Dungeon (3/15)

Altars:


Innate Abilities, Weirdness & Mutations

You are resistant to damage.
You can heal yourself by infusing magical energy.
You passively map a small area around you.
You do not regenerate.


Message History

You hit the worm but do no damage.
The worm is lightly wounded.
The dart slug bites you. The worm completely misses you.
You hit the worm but do no damage. The dart slug closely misses you.
You hit the worm.
The worm is lightly wounded.
The worm bites you!
You hit the worm.
The worm is moderately wounded.
The dart slug bites you.
You hit the worm but do no damage.
The worm is moderately wounded.
The worm bites you!
* * * LOW HITPOINT WARNING * * *
The dart slug launches a dart at you. The slug dart misses you.
You hit the worm.
The worm is moderately wounded.
The worm bites you!
You die...

# .......#* * *
,.##.....l# * ###
........# ...#
#......# #..# ## * ,
#.w...[##.#..# ##..
#..†##....#..##....
* *#...#.####..#...#
* *
#####...!..........#
#.....#.....>@w...#
,
#.##....[..###w.###
, ##.......# #...# *
##...##.### ##..#
##....##w# #..#
####..#..##.# #..##
.........##.# #...#
...##.##.##.# ##..#
.. ...
#.##.#######..#


You could see a worm and a dart slug.

Vanquished Creatures
  2 dart slugs
  2 goblins (D:1)
  7 hobgoblins (D:1)
  A ball python (D:1)
  5 bats (D:1)
  2 frilled lizards (D:1)
  9 rats
28 creatures vanquished.

Notes
Turn   | Place    | Note
-------+----------+-------------------------------------------
     0 | D:1      | vvl the Deep Dwarf Necromancer began the quest for the Orb.
     0 | D:1      | Reached XP level 1. HP: 15/15 MP: 3/3
   271 | D:1      | Reached XP level 2. HP: 16/22 MP: 1/4
   333 | D:1      | Reached skill level 5 in Necromancy
  1151 | D:2      | Reached XP level 3. HP: 23/28 MP: 0/4
  1305 | D:2      | HP: 1/28 [worm (8)]
  1306 | D:2      | Mangled by a worm

Illustrated notes

Levels and vault maps discovered:
D:1:      tarquinn_simple_flora_water_c, layout_basic
D:2:      layout_rooms, serial_curves, eino_curves_03, eino_curves_01,
          eino_curves_03
D:3:      layout_basic, led_sif_book, nicolae_overflow_crystal_walls

Skill      XL: |  1  2 |
---------------+-------+-----
Necromancy     | 5 |  5.4
Dodging        | |  2.1
Stealth        | |  2.4
Spellcasting   | |  1.9

Action                   || total
-------------------------++-------
Melee: Unarmed           ||    56
 Cast: Pain              ||    54
 Abil: Heal Wounds       ||     2
Armor: Robe              ||    10
Dodge: Dodged            ||    51
